ransylhack, neutral female sylph Ranger # -----------.- ----- ###............| #+...| # |........%..| # #|.<..#### ------### #............| # #+...|############### |.`...# ###-+----.------ # #-----# ### -------|- |....| # #################### # |.......| |...`.### # # # ##-.......| |..``| ### # # |.......-###EY## -.--.- ########### |.......| # ## ----|----# # --------- # |.......|# # |........# # |....`..| # |....---- ----.--- |....| |......| ------ |......| -------- ransylhack the Trailblazer Experience level: 9 Strength: 15 Dexterity: 15 Constitution: 16 Intelligence: 13 Wisdom: 14 Charisma: 7 Health: 0(60) Energy: 48(48) Def: 3 Gold: 619 Moves: 13618 Dungeon seed: p1QGrp9_fScq-AgA Game ID: ransylhack_1464116737 Your Inventory: Coins $ - 619 gold pieces Amulets G - an uncursed amulet of life saving Weapons a - a blessed +1 dagger named +1 (alternate weapon; not wielded) b - an uncursed +2 bow (weapon in hand) c - 50 uncursed +2 arrows (in quiver) d - 23 blessed +0 arrows A - an uncursed +0 dagger Armor e - an uncursed +2 cloak of displacement (being worn) Comestibles W - 2 uncursed tripe rations Scrolls P - an uncursed scroll of identify Potions r - an uncursed potion of sickness C - a potion of unholy water Wands g - an uncursed wand of slow monster (0:3) l - an uncursed wand of cold (0:7) t - an uncursed wand of digging (0:3) R - an uncursed wand of sleep (0:5) Tools f - an uncursed mirror h - an uncursed magic lamp (lit) i - an uncursed bag of tricks (0:9) k - an uncursed skeleton key s - an uncursed wooden flute B - an uncursed bag of holding T - an uncursed leash Gems n - an uncursed worthless piece of yellowish brown glass q - 2 uncursed worthless pieces of blue glass Contents of the bag of holding: 2842 gold pieces 4 uncursed cherries 6 uncursed cram rations 2 uncursed eggs 8 uncursed food rations an uncursed fortune cookie an uncursed lembas wafer an uncursed orange 2 uncursed sprigs of wolfsbane an uncursed spellbook of charm monster an uncursed potion of booze an uncursed wand of create monster (0:14) an uncursed wand of speed monster (0:5) an uncursed +0 pick-axe Spells and supernatural/magical abilities: Name Level Category Fail Memory W - pray for help -- divine ? -- Your skills at the end: Miscellaneous Skills wands [Basic] Weapon Skills dagger [Skilled] bow [Skilled] Spellcasting Skills Final Attributes: You were devoutly aligned. You saw invisible. You had automatic searching. You had infravision. You were displaced. You were stealthy. You were protected from shape changers. You are dead. Vanquished creatures: a queen bee 2 giant mimics 2 small mimics an ogre lord 4 trolls a tengu a chameleon a leather golem an incubus 3 giant beetles a cockatrice 2 wolves 3 leprechauns 2 giant spiders a vampire bat an orc mummy a brown pudding a rust monster a dog a dingo a jaguar a dwarf lord a blue jelly 2 gnome mummies 2 human zombies 2 soldier ants a bugbear an imp a baby crocodile 4 wood nymphs 10 Mordor orcs an orc shaman 5 rock moles 3 rock piercers a pony 2 yellow lights 5 shriekers 2 gnome lords a kobold mummy 3 gray oozes 2 elf zombies 3 giant ants a little dog 3 floating eyes 2 kittens 10 dwarves 2 homunculi an iguana 5 rothes 2 giant bats a monkey 6 orc zombies a werejackal 15 killer bees 4 coyotes 4 gas spores 3 hobbits 3 large kobolds 3 geckos a hobgoblin 3 giant rats a cave spider 3 brown molds 3 yellow molds a green mold a red mold 14 gnomes 2 garter snakes 2 gnome zombies 13 jackals 11 foxes 2 kobolds 11 newts 6 goblins 6 sewer rats 11 grid bugs 3 bats 16 lichens 6 kobold zombies 267 creatures vanquished. Voluntary challenges: You were vegetarian. You had followed a strict vegan diet until turn 6834. You had been an atheist until turn 5232. You used a wielded weapon 386 times, starting on turn 3. You did not apply a unicorn horn. You read items or engraved 3 times, starting on turn 5178. You never genocided any monsters. You never polymorphed an object. You changed form 1 time, starting on turn 11980. You cheated 1 time but completed Sokoban on turn 11264. You used no wishes. You never split a pudding. You wrote Elbereth's name 2 times, starting on turn 5178. You never violated your personal moral code. Dungeon overview: The Dungeons of Doom: levels 1 to 15 Level 1 a fountain a long staircase Level 2 stairs to The Gnomish Mines Level 3 (stash, vault) a fountain Level 4 a potion shop, some fountains Level 5 many fountains Level 6 (vault) stairs to Sokoban Level 7 an armor shop, a fountain Level 8 an altar to Mercury, some fountains Level 9 a fountain Level 10 Level 11 portal to The Quest Level 12 a fountain Level 13 Level 14 <- You were here Level 15 The Gnomish Mines: levels 3 to 6 Level 3 stairs to The Dungeons of Doom Level 4 Level 5 some shops, a temple to Mars, a magic chest, some fountains Level 6 (mind flayer) The Quest: Level 1 many trees portal to The Dungeons of Doom Sokoban: levels 2 to 5 Level 2 a magic chest Level 3 Level 4 Level 5 a magic chest stairs to The Dungeons of Doom History has recorded: On T:1 you entered the Dungeons of Doom to retrieve the Amulet of Yendor! On T:146 you reached level 2 of The Dungeons of Doom. On T:592 you reached level 3 of The Dungeons of Doom. On T:668 you reached level 1 of The Gnomish Mines. On T:1043 you reached level 4 of The Dungeons of Doom. On T:1045 you advanced to experience level 2. On T:1490 you advanced to experience level 3. On T:1521 you reached level 5 of The Dungeons of Doom. On T:2137 you advanced to experience level 4. On T:2599 you reached level 6 of The Dungeons of Doom. On T:2873 you reached level 4 of Sokoban. On T:2915 you opened a magic chest. On T:2915 you opened a magic chest. On T:2975 you opened a magic chest. On T:3083 you advanced to experience level 5. On T:3090 you reached level 7 of The Dungeons of Doom. On T:3193 you opened a magic chest. On T:3372 you reached level 3 of Sokoban. On T:4296 you advanced to experience level 6. On T:4998 you reached level 2 of The Gnomish Mines. On T:5066 you reached level 3 of The Gnomish Mines. On T:5086 you reached level 4 of The Gnomish Mines. On T:5217 you entered the Minetown temple On T:5224 you opened a magic chest. On T:5241 you opened a magic chest. On T:5242 you opened a magic chest. On T:5324 you opened a magic chest. On T:5551 you opened a magic chest. On T:5710 you opened a magic chest. On T:5814 you opened a magic chest. On T:5889 you opened a magic chest. On T:6162 you advanced to experience level 7. On T:7073 you opened a magic chest. On T:7359 you reached level 8 of The Dungeons of Doom. On T:7643 you reached level 9 of The Dungeons of Doom. On T:7842 you reached level 10 of The Dungeons of Doom. On T:8278 you advanced to experience level 8. On T:8368 you opened a magic chest. On T:8587 you reached level 2 of Sokoban. On T:9683 you opened a magic chest. On T:9684 you opened a magic chest. On T:9773 you reached level 1 of Sokoban. On T:11264 you entered the Sokoban zoo. On T:11356 you opened a magic chest. On T:11358 you opened a magic chest. On T:11358 you opened a magic chest. On T:11358 you opened a magic chest. On T:11359 you opened a magic chest. On T:11361 you opened a magic chest. On T:11557 you opened a magic chest. On T:11920 you reached level 11 of The Dungeons of Doom. On T:12254 you reached level 12 of The Dungeons of Doom. On T:12336 you reached level 1 of The Quest. On T:12597 you reached level 13 of The Dungeons of Doom. On T:12818 you advanced to experience level 9. On T:13342 you reached level 14 of The Dungeons of Doom. On T:13438 you reached level 15 of The Dungeons of Doom. Score breakdown: Gold: 3461 ( 346 points) Experience: 9 levels ( 800 points) Exploration: 15 levels ( 420 points) Discoveries: 14 items ( 700 points) Variety of kills: 79 monsters ( 2000 points) Major goal: finished Sokoban ( 1000 points) Survival: died (score multiplied by 3) Total score: 15798 Latest messages: You put a tripe ration into the bag called holding. The arrow hits the sasquatch! The sasquatch claws you! (2x) The sasquatch kicks! You die... Final status: Goodbye ransylhack the Ranger, killed by a sasquatch... You died in The Dungeons of Doom on dungeon level 14 with 15798 points, and 3461 pieces of gold, after 13618 moves. You were level 9 with a maximum of 60 hit points when you died.